Map: [ESL] Data-C

Players

Maru - Winner!

  • Race: Terran Terran
  • Spawn Location: 3:00

ByuN

  • Race: Terran Terran
  • Spawn Location: 9:00

Event: DreamHack SC2 Masters 2022 Atlanta (Offline)

VOD

Have the link to the VOD?

Description

Time

  • Played on: Nov. 18, 2022, 6:41 p.m.
  • Length: 22:37

All games in this series

Show
View Real Time Build Order
Export as new Build Order

Maru Terran - Winner!

Build Orders:  

Get SALT Encoding   

  12  0:00  SCV  
  13  0:12  SCV  
  14  0:19  Supply Depot  
  14  0:24  SCV  
  15  0:40  SCV  
  15  0:41  Barracks  
  16  0:46  Refinery  
  16  0:52  SCV  
  16  0:55  Refinery  
  17  1:04  SCV  
  18  1:17  SCV  
  19  1:29  Reaper, Orbital Command  
  20  1:33  Supply Depot  
  20  1:46  Factory  
  20  1:55  SCV  
  21  2:01  Reaper  
  21  2:07  SCV  
  23  2:19  SCV  
  24  2:25  Command Center  
  24  2:31  SCV  
  24  2:32  Hellion  
  27  2:38  Starport  
  27  2:43  SCV  
  27  2:44  Barracks Reactor  
  28  2:49  Supply Depot  
  28  2:55  Factory Tech Lab, SCV  
  29  3:08  SCV  
  30  3:13  Siege Tank  
  33  3:20  Marine x2, SCV  
  36  3:27  Medivac  
  36  3:33  SCV  
  38  3:38  Marine x2  
  39  3:45  SCV  
  37  3:53  Orbital Command  
  34  3:56  Marine x2  
  34  3:57  SCV  
  34  3:58  Cyclone  
  34  4:01  Starport Tech Lab  
  40  4:09  SCV  
  41  4:10  Refinery  
  41  4:14  Marine x2  
  43  4:21  SCV  
  43  4:22  SCV  
  45  4:26  Supply Depot  
  45  4:28  Raven  
  47  4:32  Marine  
  47  4:33  SCV  
  47  4:34  SCV  
  47  4:35  Marine  
  50  4:45  SCV  
  49  4:46  SCV  
  49  4:48  Siege Tank  
  49  4:50  Marine  
  54  4:57  Supply Depot, SCV  
  54  4:58  SCV  
  56  5:09  Command Center, SCV  
  56  5:11  Raven  
  56  5:12  SCV  
  60  5:18  Marine  
  60  5:19  Marine  
  62  5:21  SCV  
  62  5:28  SCV  
  64  5:29  Supply Depot  
  64  5:31  Siege Tank  
  64  5:34  SCV  
  68  5:35  Marine  
  68  5:40  Refinery, SCV  
  70  5:50  SCV  
  70  5:52  Supply Depot, SCV  
  70  5:55  Raven  
  74  6:02  SCV  
  74  6:04  SCV  
  74  6:06  Siege Tank  
  74  6:07  Barracks  
  74  6:08  Barracks  
  78  6:12  Engineering Bay  
  78  6:13  Engineering Bay  
  78  6:14  SCV  
  78  6:16  SCV  
  80  6:20  Orbital Command  
  80  6:27  SCV  
  80  6:28  SCV  
  82  6:39  SCV  
  79  6:40  SCV  
  79  6:43  Terran Infantry Armor Level 1, Terran Infantry Weapons Level 1  
  79  6:46  Siege Tank  
  82  6:48  SCV  
  82  6:51  Supply Depot, SCV  
  82  6:52  Stimpack, SCV  
  85  7:02  Missile Turret  
  85  7:03  SCV  
  85  7:04  Barracks Reactor x2  
  85  7:05  Missile Turret  
  85  7:07  Viking  
  88  7:09  Supply Depot  
  88  7:11  Marine  
  88  7:13  Supply Depot  
  89  7:21  Siege Tank  
  89  7:22  SCV x2  
  94  7:25  Orbital Command  
  94  7:27  Missile Turret  
  94  7:29  Missile Turret  
  94  7:31  Marine  
  94  7:35  SCV x2  
  97  7:45  Barracks  
  97  7:46  Barracks  
  97  7:47  SCV x2  
  97  7:49  Marine  
  97  7:53  Viking  
  97  7:54  Marine x4, Viking  
  97  7:55  SCV  
  97  7:58  Siege Tank  
  105  7:59  SCV  
  105  8:00  SCV  
  107  8:07  Marine, SCV  
  107  8:11  SCV  
  107  8:12  Marine, Armory  
  111  8:13  Supply Depot  
  111  8:14  Refinery x2, SCV  
  111  8:15  Sensor Tower  
  111  8:19  SCV  
  113  8:24  SCV  
  113  8:26  SCV  
  115  8:28  Marine x3  
  115  8:30  Supply Depot  
  115  8:31  SCV  
  115  8:33  Barracks Reactor  
  119  8:34  Barracks Reactor  
  115  8:44  Marine x2, SCV x2  
  115  8:45  SCV  
  115  8:48  Marine x3  
  120  8:56  SCV  
  120  8:58  Command Center, SCV x2  
  120  9:01  Marine  
  123  9:08  SCV  
  123  9:10  Refinery, SCV x2  
  123  9:12  Marine, Combat Shield  
  123  9:16  Supply Depot  
  126  9:21  Missile Turret, SCV  
  126  9:22  SCV x2  
  129  9:24  Marine x3  
  129  9:25  Medivac x2  
  129  9:26  Siege Tank  
  139  9:32  Supply Depot, Terran Infantry Weapons Level 2  
  139  9:33  SCV  
  139  9:34  SCV  
  139  9:37  SCV  
  141  9:44  Marine  
  132  9:45  SCV  
  132  9:50  Terran Infantry Armor Level 2  
  132  9:51  SCV x2  
  125  9:55  Terran Vehicle Weapons Level 1  
  125  9:56  Marine x2  
  125  9:58  SCV  
  128  10:01  Marine, Siege Tank  
  128  10:03  Factory, SCV x2  
  134  10:10  SCV  
  134  10:12  Missile Turret  
  135  10:15  Marine x2  
  135  10:16  Sensor Tower  
  135  10:17  Marine x4  
  141  10:29  Missile Turret  
  141  10:32  SCV  
  141  10:33  Siege Tank  
  141  10:35  Planetary Fortress  
  145  10:37  Marine x2, Refinery  
  145  10:38  Refinery  
  145  10:39  Marine  
  145  10:40  Marine x5  
  153  10:46  Command Center  
  153  10:49  Barracks Reactor  
  153  10:55  Starport x2, Siege Tank, Supply Depot x2  
  156  11:00  Missile Turret  
  156  11:02  Viking  
  156  11:04  Viking  
  160  11:09  Supply Depot x2  
  160  11:13  SCV x4  
  164  11:19  Marine x2, Siege Tank  
  164  11:21  Marine x2  
  164  11:25  SCV  
  172  11:29  Siege Tank  
  172  11:31  Missile Turret  
  175  11:37  Command Center  
  175  11:38  Command Center  
  172  11:49  Liberator  
  172  11:50  Starport Tech Lab, Liberator  
  172  11:51  Siege Tank, Starport Tech Lab  
  181  12:01  Siege Tank  
  177  12:09  Raven x2, Corvid Reactor  
  167  12:18  Marine, Missile Turret, Terran Vehicle Weapons Level 2  
  167  12:19  Marine x5, Missile Turret  
  167  12:22  Armory  
  173  12:28  Missile Turret  
  173  12:29  Marine x2  
  170  12:40  Missile Turret  
  170  12:41  Sensor Tower  
  170  12:42  Missile Turret  
  161  12:45  Marine  
  161  12:46  Marine x2  
  161  12:49  Marine x2, Siege Tank  
  161  12:51  Marine x4  
  154  12:52  Siege Tank  
  154  12:56  Marine  
  156  13:01  Terran Infantry Weapons Level 3  
  156  13:03  Marine x3  
  159  13:06  Marine x2  
  159  13:09  Marine, SCV x3  
  159  13:12  Missile Turret  
  161  13:20  SCV  
  161  13:21  Siege Tank, SCV x3  
  161  13:24  Siege Tank  
  171  13:30  Refinery  
  151  13:35  Raven x2  
  151  13:36  Marine x2  
  151  13:39  Marine x3  
  151  13:41  Marine x3  
  149  13:47  Command Center  
  149  13:48  Orbital Command x2  
  150  13:49  Terran Vehicle And Ship Armor Level 1  
  150  13:53  Siege Tank  
  153  13:55  Marine  
  153  13:56  Siege Tank  
  157  14:11  Marine x2  
  157  14:15  Liberator  
  159  14:23  Raven  
  161  14:25  Siege Tank  
  161  14:27  Command Center  
  161  14:32  Marine x5  
  161  14:34  Terran Infantry Armor Level 3  
  161  14:37  Siege Tank  
  168  14:48  Raven  
  170  14:57  Siege Tank, SCV x4  
  177  15:00  Missile Turret x2  
  177  15:02  Orbital Command  
  177  15:09  Siege Tank  
  177  15:18  Raven  
  176  15:25  Marine x4  
  151  15:28  Liberator  
  151  15:29  Siege Tank  
  151  15:30  SCV  
  151  15:31  SCV  
  151  15:32  SCV x2  
  159  15:40  SCV  
  159  15:41  Siege Tank  
  163  15:42  SCV  
  163  15:43  SCV  
  163  15:44  Orbital Command  
  159  15:54  Raven  
  161  16:01  Siege Tank  
  164  16:06  Marine x2  
  161  16:13  Siege Tank  
  141  16:18  Raven  
  141  16:19  SCV  
  141  16:20  SCV  
  141  16:22  Marine x2  
  144  16:29  SCV x2  
  146  16:33  Siege Tank  
  146  16:37  SCV x2  
  146  16:38  SCV x2  
  153  16:41  SCV  
  153  16:42  SCV  
  153  16:44  Orbital Command  
  153  16:45  Siege Tank  
  158  16:48  Marine  
  158  16:49  Marine, SCV  
  158  16:52  Marine  
  158  16:53  Marine  
  152  16:54  SCV x2  
  152  17:00  Raven  
  152  17:01  Marine x4  
  144  17:05  Siege Tank  
  144  17:07  Marine, SCV x5  
  154  17:09  Refinery  
  154  17:10  Marine x4  
  154  17:13  Marine  
  158  17:17  Siege Tank  
  158  17:18  Marine  
  158  17:19  Marine x2, SCV  
  158  17:21  Liberator  
  163  17:23  Marine  
  163  17:25  Marine  
  163  17:27  Marine  
  163  17:28  Marine x3, Orbital Command  
  168  17:31  Marine, Medivac  
  168  17:32  Medivac  
  168  17:36  Marine x2  
  168  17:37  Marine, Siege Tank  
  174  17:41  Marine  
  174  17:43  Marine  
  176  17:45  Marine  
  163  17:56  Siege Tank  
  161  18:02  Marine x2  
  162  18:10  Siege Tank  
  162  18:12  Medivac x2  
  166  18:13  Marine, Raven  
  166  18:14  Marine x6  
  175  18:26  Marine x2  
  177  18:33  Orbital Command  
  177  18:36  Marine x3  
  177  18:37  Raven  
  182  18:51  Liberator  
  182  18:53  Marine x7  
  192  18:56  Raven  
  194  19:09  Marine, Orbital Command  
  195  19:11  Medivac  
  197  19:20  Raven  
  190  19:35  Siege Tank  
  190  19:36  Siege Tank  
  187  19:40  Marine  
  187  19:41  Marine  
  189  19:51  Raven  
  191  20:00  Marine  
  191  20:05  Marine, Orbital Command  
  188  20:10  Siege Tank  
  188  20:11  Siege Tank  
  194  20:35  Marine  
  192  20:42  Marine, Siege Tank  
  196  20:43  Siege Tank  
  183  20:58  Marine x2  
  183  21:00  Marine x3  
  183  21:03  Marine x4  
  184  21:06  Marine  
  184  21:08  Raven x2  
  189  21:14  Siege Tank  
  189  21:16  Marine x2, Siege Tank  
  189  21:18  Marine x3  
  198  21:21  Marine  
  199  21:26  Marine x2  
  191  21:36  Marine  
  186  21:41  Marine x2  
  186  21:43  Marine  
  186  21:46  Marine x3  
  186  21:47  Siege Tank  
  182  21:48  Siege Tank  
  182  21:49  Marine x3  
  188  21:54  Marine, Orbital Command  
  188  21:59  Marine  
  188  22:00  Marine  
  190  22:01  Marine  
  190  22:08  Marine x2  
  192  22:11  Marine  
  192  22:12  Marine  
  193  22:17  Marine x2  
  200  22:32  Command Center  
Show
View Real Time Build Order
Export as new Build Order

ByuN Terran 

Build Orders:  

Get SALT Encoding   

  12  0:00  SCV  
  13  0:12  SCV  
  14  0:17  Supply Depot  
  14  0:24  SCV  
  15  0:38  SCV  
  15  0:40  Barracks  
  16  0:43  Refinery  
  16  0:50  SCV  
  16  0:53  Refinery  
  17  1:02  SCV  
  18  1:14  SCV  
  19  1:27  Reaper, Orbital Command  
  20  1:33  Supply Depot  
  20  1:40  Factory  
  20  1:52  SCV  
  21  1:59  Reaper  
  22  2:04  SCV  
  23  2:18  Command Center  
  23  2:22  SCV  
  24  2:25  Hellion  
  26  2:31  Reaper  
  26  2:34  SCV  
  26  2:36  Supply Depot  
  28  2:46  Hellion, SCV  
  31  2:51  Barracks  
  31  2:58  SCV  
  31  3:03  Barracks Reactor  
  32  3:08  Factory Tech Lab  
  32  3:10  SCV  
  33  3:22  SCV  
  34  3:27  Cyclone  
  37  3:34  Orbital Command  
  37  3:35  SCV  
  37  3:41  Marine x2  
  38  3:42  Barracks Tech Lab  
  38  3:47  SCV  
  38  3:59  SCV  
  38  4:01  Marine, Siege Tank  
  38  4:02  Starport  
  44  4:03  SCV  
  44  4:08  Marine  
  44  4:09  Marine  
  46  4:11  SCV  
  46  4:12  Supply Depot  
  46  4:16  SCV  
  48  4:19  Marine  
  48  4:23  SCV  
  50  4:24  Stimpack  
  50  4:26  Marine x2  
  50  4:28  SCV  
  53  4:35  SCV  
  53  4:37  Marine  
  55  4:40  SCV  
  55  4:43  Siege Tank  
  55  4:44  Marine x2, Supply Depot  
  60  4:46  Starport Reactor  
  60  4:51  Supply Depot x2  
  60  4:57  Refinery  
  60  5:06  SCV x2  
  62  5:09  Supply Depot  
  62  5:13  Marine x3  
  65  5:18  SCV x2  
  67  5:23  Medivac x2  
  67  5:24  Command Center  
  71  5:30  SCV x2  
  71  5:33  Marine x2  
  71  5:35  Marine  
  75  5:37  Siege Tank  
  75  5:38  Supply Depot  
  79  5:43  SCV x2  
  79  5:45  Supply Depot  
  81  5:51  Marine x2  
  81  5:53  Marine  
  81  5:54  Refinery  
  84  6:00  SCV x2  
  86  6:04  Starport Reactor, Combat Shield  
  86  6:09  Marine x2, Barracks  
  86  6:11  Marine, Siege Tank  
  89  6:16  SCV x2  
  94  6:22  Engineering Bay x2  
  93  6:27  Marine x2  
  93  6:29  SCV x2  
  78  6:40  Orbital Command  
  78  6:42  SCV  
  78  6:43  SCV  
  80  6:51  Marine x3  
  80  6:54  SCV  
  84  6:56  Terran Infantry Armor Level 1  
  84  6:58  SCV  
  85  7:02  Orbital Command  
  85  7:04  Terran Infantry Weapons Level 1  
  85  7:06  SCV  
  89  7:13  Marine x2  
  89  7:14  Marine x3  
  93  7:16  Siege Tank  
  93  7:21  SCV x2  
  96  7:28  SCV  
  97  7:31  Medivac x2  
  97  7:33  SCV x2  
  103  7:37  Barracks  
  103  7:40  SCV  
  103  7:42  Marine x2, Barracks  
  103  7:43  Marine x3  
  109  7:45  SCV x2  
  114  7:51  Siege Tank  
  114  7:52  SCV  
  113  8:00  Marine x3  
  113  8:01  Reaper  
  117  8:06  Armory  
  117  8:07  Marine, SCV x3  
  117  8:09  Medivac x2  
  125  8:30  Supply Depot, Barracks Reactor x2  
  125  8:34  Supply Depot  
  125  8:42  Marine, SCV x2  
  125  8:43  SCV  
  125  8:44  Marine x4  
  125  8:47  Siege Tank  
  118  8:54  SCV x2  
  112  8:55  SCV  
  112  8:56  Terran Infantry Armor Level 2  
  112  9:00  Marine  
  112  9:02  Marine x4  
  113  9:08  Marine x2  
  113  9:09  Marine  
  111  9:18  Marine  
  111  9:19  Marine, Siege Tank, SCV x2  
  111  9:20  Marine, Command Center  
  111  9:21  Refinery x2  
  111  9:23  Terran Infantry Weapons Level 2  
  119  9:26  Marine x5  
  119  9:31  SCV x3  
  125  9:32  Marine  
  125  9:36  Marine  
  125  9:37  Marine  
  130  9:43  Marine  
  130  9:44  Marine  
  120  9:47  Marine x2  
  120  9:50  SCV x3  
  120  9:51  Siege Tank  
  116  9:53  Marine x3  
  116  9:59  Marine  
  121  10:01  Marine x2  
  121  10:02  Barracks x2  
  121  10:03  Barracks  
  121  10:04  Liberator  
  121  10:06  Marine x2  
  127  10:09  Liberator  
  130  10:23  Supply Depot, Siege Tank  
  130  10:24  Marine  
  130  10:25  Marine x7, Supply Depot  
  141  10:33  Supply Depot  
  141  10:34  SCV x2  
  141  10:35  SCV  
  145  10:39  Factory  
  145  10:42  Marine  
  144  10:43  Marine  
  144  10:45  Barracks Reactor  
  144  10:47  SCV x3  
  144  10:49  Orbital Command  
  149  10:51  Barracks Reactor x2  
  149  10:52  Barracks Reactor  
  149  10:55  Siege Tank  
  152  10:59  SCV x2  
  152  11:02  Marine  
  152  11:03  Marine x6  
  161  11:05  SCV  
  161  11:11  SCV x2  
  164  11:12  Terran Vehicle Weapons Level 1  
  164  11:14  Marine  
  165  11:20  Marine  
  165  11:21  Marine x5  
  165  11:23  Terran Infantry Armor Level 3  
  165  11:25  Sensor Tower  
  171  11:26  Marine  
  171  11:27  Marine x4, Siege Tank  
  171  11:29  Marine x3  
  171  11:30  Siege Tank  
  184  11:42  Command Center, Sensor Tower  
  184  11:43  Marine x4  
  184  11:45  Marine x2  
  187  11:54  Marine  
  188  11:57  Marine x2  
  188  11:58  Supply Depot  
  188  11:59  Supply Depot  
  188  12:05  Terran Infantry Weapons Level 3  
  188  12:06  Marine  
  188  12:07  Marine  
  188  12:09  Siege Tank x2  
  187  12:17  Medivac x2, Armory  
  191  12:34  Marine  
  191  12:35  Command Center  
  183  12:37  Marine x6  
  183  12:38  Marine  
  183  12:39  Command Center  
  183  12:40  Marine  
  183  12:41  Siege Tank x2  
  183  12:42  Marine x3  
  183  12:43  Marine  
  179  12:47  Marine x2  
  179  12:48  Marine  
  171  12:52  Marine  
  171  12:54  Marine  
  171  12:55  Marine x2  
  171  12:56  Marine x4  
  171  12:58  Marine  
  176  12:59  Marine, Medivac  
  176  13:00  Marine x2  
  179  13:07  Marine  
  179  13:09  Marine  
  179  13:12  Marine x4  
  175  13:13  Marine x2, Siege Tank x2  
  175  13:14  Marine x3  
  175  13:17  Terran Vehicle Weapons Level 2  
  181  13:21  Terran Vehicle And Ship Armor Level 1  
  181  13:22  SCV x2  
  181  13:23  SCV  
  181  13:25  SCV  
  185  13:33  Marine x2  
  161  13:34  Marine  
  161  13:37  Marine  
  161  13:38  Marine x2  
  161  13:40  Marine x4  
  158  13:42  Marine x2  
  158  13:43  Marine  
  158  13:45  Siege Tank x2  
  158  13:46  Marine x2  
  158  13:47  Medivac  
  169  13:49  Marine  
  169  13:50  Marine  
  169  13:51  Orbital Command  
  169  13:54  Marine  
  169  13:57  Marine x3  
  169  13:58  Marine x3  
  169  14:00  Planetary Fortress  
  174  14:13  Marine  
  158  14:17  Marine x2, Siege Tank  
  158  14:18  Marine x11, Siege Tank  
  158  14:19  Marine  
  158  14:22  Medivac x2  
  179  14:25  Marine  
  179  14:30  Marine  
  171  14:34  Planetary Fortress  
  171  14:35  Marine x2  
  171  14:36  Marine x6  
  171  14:37  Marine x2  
  178  14:40  Marine  
  178  14:43  Marine  
  180  14:46  Marine  
  180  14:49  Siege Tank  
  180  14:50  Siege Tank  
  180  14:51  Medivac  
  180  14:52  Medivac  
  188  14:53  Marine x3  
  188  15:06  Marine x4  
  192  15:08  Marine  
  188  15:17  Marine  
  188  15:20  Marine x6  
  178  15:21  Medivac, Siege Tank  
  178  15:22  Marine x2, Medivac, Siege Tank  
  178  15:24  Marine x2  
  178  15:26  Marine  
  178  15:27  Marine x4  
  165  15:34  Marine  
  165  15:37  Marine x2  
  165  15:38  Marine x4  
  165  15:39  Marine x2  
  165  15:42  Marine x2  
  173  15:44  Marine x5  
  175  15:51  Medivac  
  175  15:52  Marine, Medivac  
  175  15:53  Siege Tank  
  175  15:54  Siege Tank  
  175  15:55  Marine x2  
  175  15:56  Marine x4  
  192  16:00  Marine x2  
  192  16:02  Marine  
  192  16:03  Marine x3  
  193  16:07  Marine x2  
  193  16:09  Marine  
  193  16:10  Marine  
  186  16:13  Marine x4  
  186  16:14  Marine  
  186  16:15  Marine  
  186  16:18  Marine x2  
  182  16:20  Marine x2  
  182  16:21  Marine x2  
  182  16:25  Marine x2, Siege Tank  
  171  16:26  Siege Tank  
  171  16:27  Marine  
  171  16:28  Marine  
  171  16:31  Marine x4  
  171  16:32  Marine x2  
  174  16:36  Marine x2  
  174  16:38  Marine x2  
  174  16:39  Marine x2  
  171  16:43  Marine x2, Medivac  
  171  16:45  Marine, Terran Vehicle Weapons Level 3  
  171  16:46  Marine  
  177  16:49  Marine x2  
  177  16:52  Marine x2  
  177  16:53  Marine  
  167  16:55  Marine  
  167  16:57  Marine  
  167  16:58  Siege Tank x2  
  167  17:00  Marine x5  
  173  17:01  Marine  
  173  17:04  Marine  
  173  17:06  Marine x3  
  173  17:07  Marine  
  173  17:10  Marine x2  
  173  17:14  Marine x2  
  177  17:18  Marine  
  177  17:19  Marine  
  177  17:20  Marine x5  
  177  17:22  Marine  
  172  17:24  Marine x2  
  172  17:26  Marine x2  
  172  17:28  Marine x2  
  178  17:30  Siege Tank x2  
  178  17:31  Medivac x2  
  178  17:32  Marine x2  
  178  17:36  Marine  
  191  17:37  Marine x4  
  191  17:38  Marine x2  
  191  17:39  Marine  
  191  17:42  Marine x2  
  191  17:44  Marine x2  
  193  17:46  Marine x2  
  193  17:50  Marine x2  
  184  17:53  Marine  
  184  17:55  Marine x6  
  184  17:57  Marine  
  172  17:59  Marine  
  172  18:00  Marine  
  172  18:02  Marine x2, Siege Tank x2  
  172  18:04  Marine x2  
  184  18:08  Marine x2  
  184  18:11  Marine  
  184  18:13  Marine x6  
  184  18:15  Marine  
  184  18:17  Marine x2  
  184  18:19  Marine  
  193  18:20  Marine  
  193  18:21  Marine, Command Center  
  193  18:22  Marine  
  193  18:25  Marine  
  193  18:26  Marine  
  199  18:29  Marine  
  199  18:31  Marine x3  
  197  18:46  Marine  
  198  18:54  Command Center  
  198  18:56  Command Center  
  198  19:00  Marine  
  198  19:02  Marine x4  
  199  19:23  Siege Tank x2  
  196  19:25  Marine  
  196  19:26  Marine x2  
  196  19:28  Marine  
  196  19:29  Marine  
  196  19:30  Marine  
  178  19:34  Medivac  
  178  19:35  Marine x2  
  178  19:36  Marine  
  178  19:38  Marine  
  144  19:39  Marine x6  
  144  19:42  Terran Vehicle And Ship Armor Level 2  
  144  19:43  Marine  
  144  19:44  Marine x2  
  149  19:46  Marine  
  149  19:47  Marine  
  149  19:48  Marine  
  149  19:49  Viking  
  154  19:53  Marine x2  
  154  19:54  Marine  
  154  19:55  Siege Tank x2, Refinery  
  154  19:56  Marine x2, Refinery  
  154  19:57  Marine x4  
  154  19:58  Marine  
  170  20:00  Marine  
  170  20:01  Marine  
  170  20:02  Marine  
  170  20:04  Marine, Viking  
  170  20:05  Marine  
  170  20:06  Marine  
  166  20:08  Orbital Command x3  
  166  20:10  Marine  
  166  20:11  Marine  
  166  20:12  Marine  
  166  20:13  Marine  
  167  20:14  Marine x3  
  167  20:15  Marine  
  167  20:19  Medivac  
  170  20:22  Marine  
  170  20:23  Marine x3  
  170  20:25  Marine x2  
  170  20:27  Siege Tank x2  
  170  20:28  Marine  
  181  20:32  Marine  
  181  20:33  Marine x2  
  181  20:35  Marine x4  
  178  20:38  Marine  
  178  20:40  Marine  
  178  20:42  Marine  
  181  20:43  Marine  
  181  20:47  Marine x5  
  181  20:49  Marine  
  178  20:51  Marine x2  
  178  20:52  Marine  
  178  20:53  Marine x3  
  178  20:55  Marine  
  178  20:58  Marine  
  178  20:59  Siege Tank  
  178  21:00  Marine x2, Siege Tank  
  144  21:04  Marine  
  144  21:05  Marine x4  
  144  21:07  Marine  
  144  21:09  Marine x2  
  144  21:10  Marine  
  151  21:16  Marine x2  
  150  21:27  Marine x5  
  150  21:28  Marine x4  
  150  21:30  Marine x5  
  150  21:32  Siege Tank x2  
  162  21:33  Marine  
  162  21:34  Marine  
  144  21:45  Marine x8  
  125  21:48  Marine x4  
  125  21:51  Marine  
  125  21:54  Marine  
  122  22:02  Medivac  
  122  22:03  Marine x7  
  122  22:04  Siege Tank  
  135  22:09  Marine x2  
  135  22:12  Marine x2  
Tags
 
Add a new tag
Caveats
  • Supply blocks, unpowered buildings, or Contaminate may cause inaccurate times.
  • Supply counts are checked every 10 seconds.